 Dungeon Crawl Stone Soup version 0.21.1-1-g345015fe64 (webtiles) character file.

816 Kohma the Ogre Mage (level 7, 0/105 HPs)
             Began as an Ogre Fire Elementalist on July 3, 2018.
             Was a Follower of Kikubaaqudgha.
             Splashed by a jelly's acid (2 damage)
             ... on level 6 of the Dungeon.
             The game lasted 00:26:53 (7213 turns).

Kohma the Ogre Mage (Ogre Fire Elementalist)        Turns: 7213, Time: 00:26:53

Health: 0/105      AC: -1    Str: 22    XL:     7   Next: 94%
Magic:  22/22      EV: 11    Int: 23    God:    Kikubaaqudgha [*.....]
Gold:   225        SH:  0    Dex:  9    Spells: 5/15 levels left

rFire    . . .     SeeInvis .   b - +5 dagger
rCold    . . .     Gourm    .   (no shield)
rNeg     . . .     Faith    .   E - +0 robe of Gluttony {Stlth+}
rPois    .         Spirit   .   (helmet restricted)
rElec    .         Reflect  .   k - scarf {cloud immunity}
rCorr    .         Harm     .   (gloves unavailable)
MR       .....                  (boots unavailable)
Stlth    ..........             (no amulet)
HPRegen  0.27/turn              w - ring "Inadobul" {MP+9 Str+4 Int+2}
MPRegen  0.18/turn              g - +3 ring of intelligence

@: berserking, corroded, very quick
A: large, unfitting armour, tough skin 1
a: Receive Corpses, Renounce Religion


You were on level 6 of the Dungeon.
You worshipped Kikubaaqudgha.
Kikubaaqudgha was aware of your devotion.
You were hungry.

You visited 1 branch of the dungeon, and saw 6 of its levels.
You also visited: Sewer.

You collected 397 gold pieces.
You spent 172 gold pieces at shops.

Inventory:

Hand Weapons
 b - a +5 dagger (weapon)
 f - a +0 club
Missiles
 d - 136 stones (quivered)
Armour
 k - a scarf of cloud immunity (worn)
 E - the +0 robe of Gluttony (worn) {Stlth+}
   (You found it on level 5 of the Dungeon)

   It makes you more stealthy.
 F - a +1 shield
Magical Staves
 a - an uncursed staff of power
Jewellery
 g - a +3 ring of intelligence (right hand)
 w - the ring "Inadobul" (left hand) {MP+9 Str+4 Int+2}
   (You found it on level 4 of the Dungeon)

   [ring of magical power]

   It affects your strength (+4).
   It affects your intelligence (+2).
   It affects your magic capacity (+9).
Wands
 q - a wand of disintegration (12)
Scrolls
 e - a scroll of remove curse
 s - a scroll of enchant weapon
 x - 4 scrolls of teleportation
 C - 4 scrolls of magic mapping
Potions
 h - 4 potions of curing
 l - a potion of lignification
 m - a potion of mutation
 o - a potion of ambrosia
 r - a potion of degeneration
 t - 4 potions of brilliance
 u - a potion of invisibility
 v - a potion of haste {unknown}
 z - a potion of resistance {unknown}
Books
 i - a book of Flames

   Spells                             Type                      Level
   a - Flame Tongue                   Conjuration/Fire             1
   b - Throw Flame                    Conjuration/Fire             2
   c - Conjure Flame                  Conjuration/Fire             3
   d - Inner Flame                    Hexes/Fire                   3
   e - Sticky Flame                   Conjuration/Fire             4
   f - Fireball                       Conjuration/Fire             5
 n - Kikubaaqudgha's Tome of Evil Magic
   (Kikubaaqudgha gifted it to you in a sewer)

   Spells                             Type                      Level
   a - Animate Skeleton               Necromancy                   1
   b - Pain                           Necromancy                   1
   c - Sublimation of Blood           Necromancy                   2
   d - Regeneration                   Charms/Necromancy            3
 y - a book of Frost

   Spells                             Type                      Level
   a - Freeze                         Ice                          1
   b - Throw Frost                    Conjuration/Ice              2
   c - Ozocubu's Armour               Charms/Ice                   3
   d - Throw Icicle                   Conjuration/Ice              4
   e - Summon Ice Beast               Ice/Summoning                4
 B - a book of Air

   Spells                             Type                      Level
   a - Shock                          Conjuration/Air              1
   b - Swiftness                      Charms/Air                   2
   c - Static Discharge               Conjuration/Air              3
   d - Airstrike                      Air                          4
   e - Lightning Bolt                 Conjuration/Air              5
Comestibles
 c - 7 rations
 p - a chunk of flesh


   Skills:
 + Level 4.0 Fighting
 + Level 3.5 Dodging
 - Level 1.4 Stealth
 * Level 0.4 Shields
 + Level 4.5 Spellcasting
 * Level 3.8 Conjurations
 - Level 2.0 Necromancy
 + Level 4.1 Fire Magic


You had 5 spell levels left.
You knew the following spells:

 Your Spells              Type           Power        Failure   Level  Hunger
a - Flame Tongue          Conj/Fire      ###..        1%          1    None
b - Conjure Flame         Conj/Fire      ###.....     6%          3    ##.....
c - Fireball              Conj/Fire      ###.......   47%         5    #####..
d - Animate Skeleton      Necr           N/A          4%          1    None


Dungeon Overview and Level Annotations

Branches:
Dungeon (6/15)
 Temple: D:4-7

Altars:
Elyvilon
Gozag
Kikubaaqudgha

Shops:
D:6 ?


Innate Abilities, Weirdness & Mutations

You are too large for most types of armour.
You have tough skin. (AC +1)


Message History

You puncture the crimson imp!
The crimson imp is severely wounded.
You hit the jelly.
Your hands burn!
* * * LOW HITPOINT WARNING * * *
The jelly is moderately wounded.
The crimson imp hits you.
* * * LOW HITPOINT WARNING * * *
The jelly hits you.
* * * LOW HITPOINT WARNING * * *
You are splashed with acid!
The acid burns!
* * * LOW HITPOINT WARNING * * *
You are too berserk!
You hit the crimson imp.
The crimson imp is severely wounded.
The crimson imp blinks!
The jelly closely misses you.
You barely miss the jelly.
The jelly is moderately wounded.
You puncture the jelly!
Your hands burn!
You die...
Kikubaaqudgha rasps: "You have failed me!
Welcome... death!"

#.#.##....##...........
#.#.##....######.......
##.#.##....# #.......
#....##....# #...####
#..####....######...####
#..# #....'............
#..# #....###...#.#####
#..# #5#'## #.(.#.# #..#
#@#.# #...... #..# #J#.#
###.#...# #..# #Z#.#
###.####### #..####l#.#
..........
#.....Oo#'####'#.###....
#...........ol.....'....
#######......O..####....
#.........'$......
#.........#.......


You could see an ogre, a jelly, a crimson imp, an orc, a leopard gecko and an
adder skeleton.

Vanquished Creatures
  Menkaure (D:4)
  The ghost of Schimscham the Chiller, an amateur OpIE (D:3)
  Blork the orc (D:4)
  A bullfrog (D:5)
  A crimson imp (D:6)
  A bullfrog skeleton (D:4)
  3 iguanas
  A worker ant (D:5)
  6 adders
  A shadow imp (D:5)
  6 oozes
  An adder zombie (D:5)
  An adder skeleton (D:4)
  6 worms
  8 leopard geckos
  2 orcs (D:5)
  5 ball pythons
  9 bats
  7 giant cockroaches
  3 goblins
  7 hobgoblins
  12 jackals
  A quokka (D:6)
  8 frilled lizards
  2 kobolds
  A quokka skeleton (D:5)
  6 rats
102 creatures vanquished.

Vanquished Creatures (collateral kills)
  A sky beast (D:5)
1 creature vanquished.

Vanquished Creatures (others)
  A plant (D:4)
1 creature vanquished.

Grand Total: 104 creatures vanquished

Notes
Turn   | Place    | Note
-------+----------+-------------------------------------------
     0 | D:1      | Kohma the Ogre Fire Elementalist began the quest for the Orb.
     0 | D:1      | Reached XP level 1. HP: 16/16 MP: 3/3
    68 | D:1      | Reached skill level 1 in Conjurations
   339 | D:1      | Reached XP level 2. HP: 24/24 MP: 5/5
  1213 | D:2      | Reached XP level 3. HP: 11/31 MP: 0/7
  1439 | D:2      | Learned a level 3 spell: Conjure Flame
  2038 | D:2      | Reached XP level 4. HP: 30/39 MP: 8/8
  2840 | D:3      | Noticed Schimscham's ghost (amateur OpIE)
  3236 | D:3      | Found an ancient bone altar of Kikubaaqudgha.
  3453 | D:3      | Killed Schimscham's ghost
  3453 | D:3      | Reached XP level 5. HP: 42/49 MP: 10/10
  3602 | D:3      | Became a worshipper of Kikubaaqudgha
  3734 | D:3      | Learned a level 5 spell: Fireball
  4003 | D:4      | Noticed Menkaure
  4009 | D:4      | Killed Menkaure
  4009 | D:4      | Reached skill level 1 in Necromancy
  4009 | D:4      | Reached XP level 6. HP: 59/59 MP: 11/11
  4269 | D:4      | Noticed Blork the orc
  4285 | D:4      | Killed Blork the orc
  4285 | D:4      | Reached XP level 7. HP: 54/67 MP: 12/12
  4580 | D:4      | Got a flickering wooden ring
  4779 | D:5      | Entered Level 5 of the Dungeon
  4935 | D:5      | Found a glowing drain.
  4960 | Sewer    | Entered a sewer
  5078 | Sewer    | Reached * piety under Kikubaaqudgha
  5078 | Sewer    | Identified Kikubaaqudgha's Tome of Evil Magic (Kikubaaqudgha gifted it to you in a sewer)
  5078 | Sewer    | Received a gift from Kikubaaqudgha
  5082 | Sewer    | Learned a level 1 spell: Animate Skeleton
  5489 | Sewer    | Identified the ring "Inadobul" {MP+9 Str+4 Int+2} (You found it on level 4 of the Dungeon)
  6412 | D:5      | Found an opulent altar of Gozag.
  6462 | D:5      | Got a colourful robe
  6473 | D:5      | Identified the +0 robe of Gluttony {Stlth+} (You found it on level 5 of the Dungeon)
  6836 | D:5      | Found a white marble altar of Elyvilon.
  7058 | D:6      | Found Fylisiwi's Magic Scroll Shop.
  7060 | D:6      | Bought a scroll of identify for 30 gold pieces
  7060 | D:6      | Bought a scroll of identify for 30 gold pieces
  7060 | D:6      | Bought a scroll of remove curse for 45 gold pieces
  7060 | D:6      | Bought a scroll of noise for 15 gold pieces
  7060 | D:6      | Bought a scroll of magic mapping for 52 gold pieces
  7210 | D:6      | HP: 2/105 [acid (9)]
  7213 | D:6      | Splashed by a jelly's acid

Skill      XL: |  1  2  3  4  5  6  7 |
---------------+----------------------+-----
Conjurations   | 1 2 3 |  3.8
Fire Magic     | 3 4 |  4.1
Dodging        | 2 3 |  3.5
Spellcasting   | 3 4 |  4.5
Fighting       | 2 3 4 |  4.0
Necromancy     | 1 2 |  2.0
Stealth        | |  1.4
Shields        | |  0.4

Action                   |  1- 3 |  4- 6 |  7- 9 || total
-------------------------+-------+-------+-------++-------
Melee: Unarmed           |     7 |       |       ||     7
       Club              |    27 |       |       ||    27
       Staff             |     1 |     7 |    20 ||    28
       Dagger            |       |       |    54 ||    54
 Cast: Flame Tongue      |    51 |    71 |   112 ||   234
       Conjure Flame     |       |     8 |     1 ||     9
       Animate Skeleton  |       |       |    13 ||    13
  Use: Scroll            |       |       |    21 ||    21
       Potion            |       |       |     4 ||     4
  Eat: Chunk             |     4 |     3 |     3 ||    10
       Ration            |       |     1 |     2 ||     3
Armor: Robe              |    25 |    10 |    38 ||    73
Dodge: Dodged            |    46 |    33 |    95 ||   174
